 Dungeon Crawl Stone Soup version 0.19-a0-82-gd3566c2 (webtiles) character file.

153 Blackbelt the Changer (level 5, -3/40 HPs)
             Began as a Draconian Transmuter on May 15, 2016.
             Slain by a gnoll
             ... wielding a +0 flail
              (9 damage)
             ... on level 2 of the Dungeon.
             The game lasted 00:05:34 (2938 turns).

Blackbelt the Changer (Draconian Transmuter)        Turns: 2938, Time: 00:05:35

Health: -3/40      AC:  2    Str: 13    XL:     5   Next: 12%
Magic:  5/8        EV: 19    Int: 18    God:
Gold:   91         SH:  0    Dex: 17    Spells: 2 memorised, 4 levels left

rFire  x . .     SeeInvis .       - Unarmed
rCold  + . .     Gourm    .     (armour unavailable)
rNeg   . . .     Faith    .     (shield currently unavailable)
rPois  x         Spirit   .     (helmet currently unavailable)
rElec  .         Dismiss  .     (cloak currently unavailable)
rCorr  .         Reflect  .     (gloves currently unavailable)
SustAt .         Harm     .     (boots currently unavailable)
MR     .....                    (no amulet)
Stlth  +.........               l - ring of loudness (curse)
                                i - ring of ice

@: brilliant, lethally poisoned (-3 -> -8), spider-form (expiring), not
resistant to hostile enchantments, very unstealthy
A: unfitting armour, (cold-blooded), AC +5
a: End Transformation


You were on level 2 of the Dungeon.
You were hungry.
You were a venomous arachnid creature.
You visited 1 branch of the dungeon, and saw 3 of its levels.

You collected 91 gold pieces.

Inventory:

Missiles
 a - 19 arrows
Armour
 g - a +1 pair of boots (melded)
 h - a +0 pair of gloves (melded)
Jewellery
 i - a ring of ice (left front leg)
 l - a cursed ring of loudness (right front leg)
Scrolls
 d - a scroll of recharging {unknown}
 f - a scroll of random uselessness {unknown}
 j - 4 scrolls of identify {unknown}
 o - a scroll of remove curse {unknown}
Potions
 e - 2 potions of brilliance
 m - a potion of ambrosia {unknown}
 n - 2 potions of degeneration {unknown}
Books
 b - a book of Changes

   Spells                             Type                      Level
   a - Beastly Appendage              Transmutation                1
   b - Sticks to Snakes               Transmutation                2
   c - Spider Form                    Transmutation/Poison         3
   d - Ice Form                       Ice/Transmutation            4
   e - Blade Hands                    Transmutation                5
Comestibles
 c - a bread ration
 k - a meat ration
 p - a royal jelly


   Skills:
 - Level 1.1 Fighting
 - Level 1.7 Dodging
 - Level 3.0 Unarmed Combat
 - Level 2.0 Spellcasting
 + Level 5.3 Transmutations


You had 4 spell levels left.
You knew the following spells:

 Your Spells              Type           Power        Failure   Level  Hunger
a - Beastly Appendage     Trmt           ####..       1%          1    #......
b - Spider Form           Trmt/Pois      ###.......   5%          3    ###....


Dungeon Overview and Level Annotations

Branches:
Dungeon (3/15)

Altars:
Gozag


Innate Abilities, Weirdness & Mutations

((Your plain brown scales are hard (AC +5).))
Your body does not fit into most forms of armour.
((You are cold-blooded and may be slowed by cold attacks.))


Message History

The gnoll is moderately wounded.
You hit the gnoll.
The gnoll looks even sicker.
The gnoll is almost dead.
You feel sick.
You kill the gnoll!
You barely miss the gnoll.
You feel sick. The gnoll hits you with a flail!
* * * LOW HITPOINT WARNING * * *
You hit the gnoll.
The gnoll is poisoned.
The gnoll is moderately wounded.
You feel sick. The gnoll hits you with a flail.
* * * LOW HITPOINT WARNING * * *
* * * LOW HITPOINT WARNING * * *
You feel sick.
Unknown command.
Drink which item? (? for menu, Esc to quit)
It was a potion of brilliance.
You feel clever all of a sudden.
* * * LOW HITPOINT WARNING * * *
You feel sick. The gnoll hits you with a flail!
You die...

#....................# #.....
#.#.....##...........######..
#.#.....##########......##...
#.#...........# #......##...
#.#...........####......##...
#.#.##........##.......###...
#.#.##........##.......###...
#.#.##........##...>.........
#.#.##......sg'†..........#..
####.#.##........####..#........
#........)#'#....####.###.......
####.#.####.#....##.....#...†...
#.#...##......##.#.######....
#.#...#......###.._..###.....
#.#...#......# ###.#.#.'.....
#.#...#......# #.....###.....
#............# ###.###.....#.


You could see a gnoll.

Vanquished Creatures
  Terence (D:2)
  2 adders (D:2)
  5 gnolls
  An ooze (D:1)
  3 worms (D:2)
  2 dart slugs (D:1)
  2 bats (D:2)
  2 giant cockroaches (D:1)
  3 goblins
  7 hobgoblins
  6 jackals
  3 kobolds
  2 quokkas (D:2)
  A ball python (D:1)
  A giant newt (D:2)
  7 rats
48 creatures vanquished.

Notes
Turn   | Place    | Note
--------------------------------------------------------------
     0 | D:1      | Blackbelt the Draconian Transmuter began the quest for the Orb.
     0 | D:1      | Reached XP level 1. HP: 16/16 MP: 3/3
   269 | D:1      | Reached XP level 2. HP: 23/23 MP: 3/5
   412 | D:1      | Reached skill level 3 in Transmutations
   908 | D:1      | Reached XP level 3. HP: 28/28 MP: 6/6
  1091 | D:2      | Found an opulent altar of Gozag.
  1106 | D:2      | Noticed Terence
  1427 | D:2      | Learned a level 3 spell: Spider Form
  1590 | D:2      | Killed Terence
  1590 | D:2      | Reached skill level 4 in Transmutations
  1807 | D:2      | Reached XP level 4. HP: 34/35 MP: 5/7
  2456 | D:2      | Reached skill level 5 in Transmutations
  2931 | D:2      | Reached XP level 5. HP: 21/40 MP: 4/8
  2938 | D:2      | Slain by a gnoll

Vault maps used:
D:1:      dpeg_arrival_houses_and_road
D:2:      nicolae_gozag_cash_rules_everything_around_me, uniq_terence
D:3:      elyvilon_altar_3, first_bread, led_sif_book, uniq_jessica

Skill      XL: |  1  2  3  4 |
---------------+-------------+-----
Transmutations | 3 4 5 |  5.3
Fighting       | |  1.1
Dodging        | |  1.7
Unarmed Combat | |  3.0
Spellcasting   | |  2.0

Action                   |  1- 3 |  4- 6 || total
-------------------------+-------+-------++-------
Melee: Unarmed           |   128 |    89 ||   217
       Tailslap          |    16 |    10 ||    26
       Headbutt          |    15 |     6 ||    21
       Punch             |     1 |     2 ||     3
 Cast: Beastly Appendage |     8 |     5 ||    13
       Spider Form       |     1 |     2 ||     3
  Use: Potion            |       |     1 ||     1
  Eat: Chunk             |     3 |     4 ||     7
Armor: Skin              |    38 |    40 ||    78
Dodge: Dodged            |    74 |    66 ||   140
